 Dungeon Crawl Stone Soup version 0.22.0-27-ga576289 (webtiles) character file.

339526 iamserjio the Slayer (level 21, -3/225 HPs)
             Began as a Gargoyle Berserker on Aug 21, 2018.
             Was the Champion of Makhleb.
             Slain by a golden dragon (7 damage)
             ... on level 4 of the Vaults.
             The game lasted 03:00:38 (15246 turns).

iamserjio the Slayer (Gargoyle Berserker)          Turns: 15246, Time: 03:00:38

Health: -3/225     AC: 41    Str: 32 (33) XL:     21   Next: 55%
Magic:  28/28      EV: 10    Int:  7 (8)  God:    Makhleb [******]
Gold:   343        SH: 17    Dex: 14 (16) Spells: 20/20 levels left

rFire    + . .     SeeInvis .   A - +7 war axe (vamp)
rCold    . . .     Gourm    .   e - +2 shield
rNeg     + . .     Faith    .   v - +0 storm dragon scales
rPois    ∞         Spirit   .   (helmet restricted)
rElec    +         Reflect  .   U - scarf {repulsion}
rCorr    .         Harm     .   B - +2 pair of gloves
MR       +....                  W - +2 pair of boots {run}
Stlth    ..........             N - amulet of the acrobat
HPRegen  0.47/turn              S - ring "Haifaih" {Fire *Contam MR+ Dex+4}
MPRegen  0.21/turn              t - ring of protection from cold

@: berserking, vulnerable, flying, very slightly contaminated, hasted and
slowed, repel missiles, quick
A: big wings, horns 1, deterioration 2, low mp 1, negative energy resistance 1,
electricity resistance, unbreathing, petrification resistance, rot immunity, AC
+16
}: 3/15 runes: decaying, serpentine, slimy
a: Stop Flying, Minor Destruction, Lesser Servant of Makhleb, Major Destruction,
Greater Servant of Makhleb, Renounce Religion


You were on level 4 of the Vaults.
You worshipped Makhleb.
Makhleb was exalted by your worship.
You were not hungry.

You visited 6 branches of the dungeon, and saw 39 of its levels.
You also visited: Sewer, Bailey and Ice Cave.

You collected 1820 gold pieces.
You spent 1477 gold pieces at shops.

Inventory:

Hand Weapons
 A - a +7 vampiric war axe (weapon)
 H - a +5 broad axe of freezing
 X - a +1 antimagic broad axe
Missiles
 g - 6 javelins of penetration (quivered)
Armour
 e - a +2 shield (worn)
 h - a +1 buckler of resistance
 i - a scarf of spirit shield
 o - +0 ice dragon scales
 v - +0 storm dragon scales (worn)
 x - +0 fire dragon scales
 B - a +2 pair of gloves (worn)
 U - a scarf of repulsion (worn)
 W - a +2 pair of boots of running (worn)
Jewellery
 d - an uncursed ring of protection from fire
 s - the amulet of Kuutsig {+Rage Int+3}
   (You found it in an ice cave)

   [amulet of rage]

   It affects your intelligence (+3).
   It lets you go berserk.
 t - a ring of protection from cold (right hand)
 K - a +6 ring of evasion
 N - an amulet of the acrobat (around neck)
 S - the ring "Haifaih" (left hand) {Fire *Contam MR+ Dex+4}
   (You found it on level 5 of the Pits of Slime)

   [ring of fire]

   It enhances your fire magic.
   It affects your dexterity (+4).
   It protects you from fire.
   It makes you vulnerable to cold.
   It affects your resistance to hostile enchantments.
   It causes magical contamination when unequipped.
Wands
 w - a wand of enslavement (41)
 y - a wand of iceblast (21)
 C - a wand of paralysis (19)
 F - a wand of acid (6)
 V - a wand of clouds (4)
Scrolls
 a - a scroll of torment {unknown}
 b - a scroll of enchant weapon
 f - 5 scrolls of remove curse {@r2}
 k - 6 scrolls of immolation
 r - a scroll of acquirement
 u - 5 scrolls of magic mapping
 M - a scroll of brand weapon
 O - a scroll of fear
 Q - 6 scrolls of fog
 T - 2 scrolls of silence
Potions
 l - 3 potions of berserk rage
 n - a potion of agility {unknown}
 p - a potion of haste
 q - 4 potions of magic
 D - 2 potions of brilliance
 G - 2 potions of resistance
 J - a potion of experience {unknown}
 L - 2 potions of cancellation
 R - a potion of mutation
Miscellaneous
 m - a sack of spiders
 I - a phantom mirror
 Y - a phial of floods (inert)
Comestibles
 c - 38 rations


   Skills:
 + Level 21.7 Fighting
 - Level 18.0 Axes
 - Level 3.0 Throwing
 - Level 17.0 Armour
 - Level 2.0 Dodging
 - Level 16.0 Shields
 + Level 13.8 Invocations
 - Level 6.8 Evocations


You had 20 spell levels left.
You didn't know any spells.
Your spell library contained the following spells:

 Spells                   Type           Power        Failure   Level  Hunger
 Confusing Touch          Hex            #.....       78%         1    ##.....
 Infusion                 Chrm           #...         78%         1    ##.....
 Ensorcelled Hibernation  Hex/Ice        #.....       89%         2    ###....
 Song of Slaying          Chrm           #.......     89%         2    ###....
 Confuse                  Hex            #.......     98%         3    ####...
 Gell's Gravitas          Tloc           #.........   98%         3    ####...
 Ignite Poison            Fire/Tmut/Pois #.......     98%         3    ####...
 Ozocubu's Armour         Chrm/Ice       #.......     98%         3    ####...
 Petrify                  Tmut/Erth      #.......     100%        4    #####..
 Fireball                 Conj/Fire      #.........   100%        5    ######.
 Metabolic Englaciation   Hex/Ice        #.........   100%        5    ######.
 Yara's Violent Unravell  Hex/Tmut       #.........   100%        5    ######.
 Bolt of Fire             Conj/Fire      #.........   100%        6    #######
 Ring of Flames           Chrm/Fire      #.........   100%        7    #######
 Ignition                 Fire           #.........   100%        8    #######


Dungeon Overview and Level Annotations

Branches:
Dungeon (15/15)              Lair (6/6) D:10          Swamp (4/4) Lair:4
  Snake (4/4) Lair:4        Slime (5/5) Lair:5       Vaults (5/5) D:13
  Crypt (0/3) Vaults:2
 Temple: D:4-7          Orc: D:9-12      Depths: D:15

Altars:
Ashenzari
Dithmenos
Hepliaklqana
Makhleb
Okawaru
Qazlal
Wu Jian
Jiyva

Shops:
D:7 [   D:8 *   D:13 :   Snake:1 *   Snake:2 [([?   Vaults:4 ([

Annotations:
Vaults:2 Mennas, Saint Roka
Vaults:4 Boris
Vaults:5 Margery


Innate Abilities, Weirdness & Mutations

You are resistant to torment.
Your stone body is resilient. (AC +16)
You are immune to poison.
Your large and strong wings let you fly indefinitely.
You resist negative energy. (rN+)
You are resistant to electric shocks. (rElec)
You can survive without breathing.
You are immune to petrification.
You are immune to rotting.
You have a pair of small horns on your head.
Your body often deteriorates upon taking damage.
Your magical capacity is low. (-10% MP)


Message History

The golden dragon barely misses you.
Your water elemental barely misses the golden dragon.
Evoke which item? (* to show all) (? for menu, Esc to quit)
You reach into the bag... ...but nothing happens.
The golden dragon bites you.
* * * LOW HITPOINT WARNING * * *
You block the golden dragon's attack.
The golden dragon tramples you but does no damage.
Okay, then.
Okay, then.
A red film seems to cover your vision as you go berserk!
You feel yourself moving faster!
You feel mighty!
Your water elemental hits the golden dragon!
You block the golden dragon's attack. x3
You slash the golden dragon! You headbutt the golden dragon!!
The golden dragon is heavily wounded.
Your water elemental hits the golden dragon!
You slice the golden dragon!! Your headbutt misses the golden dragon.
The golden dragon is almost dead.
The golden dragon bites you!
You die...

...# #.. #
#
##########
#
#...≈≈≈..#
...
#...≈≈≈..#
#..
#...≈≈E..#
#..#
#....≈D..#
# .#
#.....@..+
# #
#........+
#++#######


You could see a golden dragon and a friendly water elemental.

Vanquished Creatures
  the Royal Jelly (Slime:5)
  Sojobo (Vaults:5)
  The ghost of Erawyebit the Unseen, an adept OpAs of Gozag (Vaults:2)
  A lich (Vaults:5)
  17 acid blobs
  A quicksilver dragon (Vaults:5)
  2 sphinxes
  A storm dragon (Vaults:5)
  A shadow dragon (Vaults:5)
  2 thorn hunters (Swamp:4)
  5 nagarajas
  5 azure jellies
  3 tengu reavers
  2 vault wardens
  2 frost giants
  An iron dragon (Vaults:5)
  3 fire giants
  A deep elf elementalist (Vaults:5)
  2 war gargoyles
  6 very ugly things
  3 stone giants
  11 ironheart preservers
  An entropy weaver (Vaults:3)
  2 deep elf annihilators
  The ghost of iamserjio the Cleaver, a journeyman GrBe of Trog (Snake:2)
  4 ettins (Vaults:5)
  4 death oozes (Slime:5)
  3 deep elf death magi
  A small abomination (Vaults:5)
  A deep elf high priest (Vaults:5)
  8 yaktaur captains
  A fire dragon (Lair:6)
  2 rakshasas
  3 great orbs of eyes
  5 ogre magi
  3 naga warriors
  28 vault guards
  2 ice dragons
  2 ghost crabs
  2 catoblepae
  12 hydras
  3 death knights
  4 centaur warriors
  2 death yaks (IceCv)
  2 anacondas
  2 deep troll shamans
  9 alligators
  23 two-headed ogres
  3 deep troll earth magi
  2 dancing weapons (Vaults:5)
  4 naga sharpshooters
  A spriggan berserker (Swamp:4)
  6 shock serpents
  2 deep elf knights
  An iron troll (Vaults:4)
  4 skeletal warriors
  7 hell knights
  4 salamander mystics
  A shadow wraith (Vaults:4)
  2 flayed ghosts
  13 deep trolls
  2 unseen horrors
  3 glowing orange brains
  5 swamp dragons
  2 spriggan druids
  4 deep elf archers
  3 naga ritualists
  A shambling mangrove (Swamp:4)
  2 phantasmal warriors (Vaults:5)
  2 harpies (Vaults:4)
  10 ironbrand convokers
  6 deep elf magi
  A wolf spider zombie (D:13)
  9 orc knights
  3 necromancers
  4 mana vipers
  A lindwurm (shapeshifter) (Vaults:5)
  18 ugly things
  7 cyclopes
  12 elephants (Lair:6)
  11 salamanders
  19 black mambas
  3 shining eyes
  A spectral shock serpent (Snake:2)
  11 vault sentinels
  18 naga magi
  2 molten gargoyles (Lair:4)
  2 ice statues
  A yaktaur zombie (Vaults:5)
  A gargoyle (D:13)
  An eye of devastation (Slime:4)
  2 centaur skeletons
  A redback zombie (D:14)
  3 rime drakes
  10 spiny frogs
  4 freezing wraiths
  7 komodo dragons
  19 yaktaurs
  6 ice devils (D:10)
  A komodo dragon (shapeshifter) (Vaults:2)
  2 human zombies (Vaults:1)
  10 trolls
  31 polar bears
  A wolf spider simulacrum (D:14)
  16 blink frogs
  3 tyrant leeches (Swamp:1)
  10 hippogriffs
  6 bog bodies
  86 slime creatures
  11 hornets
  A meliai zombie (D:15)
  2 raiju (Lair:6)
  Sigmund (D:3)
  A redback (Vaults:3)
  11 spriggans
  2 shadows
  An elf zombie (Vaults:5)
  6 wraiths
  5 wyverns
  42 yaks
  3 basilisks (Lair:6)
  A golden eye (Slime:5)
  5 steam dragons
  A golden eye (shapeshifter) (Vaults:5)
  20 vampire mosquitoes
  2 hungry ghosts
  A yaktaur simulacrum (Vaults:5)
  8 swamp worms
  9 insubstantial wisps (Swamp:1)
  9 wargs
  3 acid dragons
  13 hell hounds (Lair:6)
  27 nagas
  4 water moccasins
  4 soldier ants
  5 porcupines
  5 swamp drakes
  An elf skeleton (Vaults:1)
  29 orc warriors
  Purgy (Sewer)
  A sky beast (D:13)
  A hornet zombie (D:12)
  A necrophage (D:10)
  14 black bears
  2 eyes of draining
  14 ogres
  2 boggarts
  A phantom (D:6)
  A wolf (shapeshifter) (D:14)
  54 wolves
  11 centaurs
  17 crocodiles
  3 big kobolds
  11 bullfrogs
  A gnoll sergeant (D:8)
  2 scorpions
  An elf simulacrum (Vaults:5)
  7 killer bees (D:13)
  An electric eel (Lair:2)
  11 wights
  4 howler monkeys
  5 crimson imps
  5 lava snakes (Lair:4)
  A bullfrog zombie (D:7)
  9 hounds
  Crazy Yiuf (D:3)
  4 centaur zombies
  2 jellies
  6 orc priests
  A gnoll shaman (D:10)
  14 orc wizards
  A bullfrog skeleton (D:10)
  5 hell rats (Lair:3)
  3 iguanas
  9 worker ants
  A hound zombie (D:10)
  A hound skeleton (D:10)
  A worker ant zombie (D:8)
  23 gnolls
  A naga simulacrum (Snake:2)
  A river rat (D:3)
  9 adders
  6 ufetubi (D:10)
  An ooze (D:3)
  2 adder skeletons
  3 worms
  A dart slug (D:1)
  2 leopard geckos
  51 orcs
  2 ball pythons
  4 giant cockroaches
  21 goblins
  14 hobgoblins
  4 jackals
  A quokka (D:8)
  8 bats
  4 frilled lizards
  A jackal skeleton (D:4)
  17 kobolds
  A leopard gecko skeleton (D:8)
  A leopard gecko zombie (D:5)
  4 rats
  2 briar patches (Swamp:4)
  2 crawling corpses (Vaults:4)
  4 plants (Lair:6)
1288 creatures vanquished.

Vanquished Creatures (collateral kills)
  Vashnia (Snake:4)
  3 acid blobs (Slime:5)
  A shadow dragon (Vaults:5)
  2 nagarajas (Snake:4)
  3 azure jellies
  An orc warlord (Bailey)
  A vault warden (Vaults:3)
  A deep elf sorcerer (Vaults:5)
  A death ooze (Slime:1)
  2 great orbs of eyes (Slime:5)
  6 hydras
  4 naga warriors (Snake:4)
  Urug (Lair:4)
  7 naga sharpshooters (Snake:4)
  A shock serpent (Snake:4)
  A shambling mangrove (Swamp:4)
  2 naga ritualists (Snake:4)
  5 swamp dragons (Swamp:4)
  A phantasmal warrior (Vaults:5)
  An orc knight (Bailey)
  A shining eye (Slime:1)
  A spectral shock serpent (Snake:2)
  3 elephants (Lair:6)
  4 naga magi (Snake:4)
  A spiny frog (Lair:6)
  2 black mambas
  A rime drake (Lair:6)
  A hornet (Swamp:4)
  A tyrant leech (Swamp:4)
  6 slime creatures
  A bog body (Swamp:4)
  2 hippogriffs (Lair:6)
  A spectral black mamba (Snake:2)
  A shadow (Swamp:4)
  6 nagas (Snake:4)
  5 swamp drakes (Swamp:4)
  5 spectral nagas (Snake:2)
  A black mamba simulacrum (Snake:2)
  An eye of draining (Slime:5)
  A naga simulacrum (Snake:2)
90 creatures vanquished.

Vanquished Creatures (others)
  A vault warden (Vaults:2)
  2 alligators
  A deep elf knight (Vaults:1)
  A komodo dragon (Lair:4)
  2 slime creatures (Swamp:4)
  2 vampire mosquitoes (Swamp:1)
  2 swamp worms (Swamp:4)
  An ogre (Vaults:5)
  A wolf (Lair:6)
  A briar patch (Swamp:4)
  A fungus (Lair:3)
  9 plants (Lair:6)
24 creatures vanquished.

Grand Total: 1402 creatures vanquished

Notes
Turn   | Place    | Note
-------+----------+-------------------------------------------
     0 | D:1      | iamserjio the Gargoyle Berserker began the quest for the Orb.
     0 | D:1      | Reached XP level 1. HP: 14/14 MP: 1/1
    97 | D:2      | Reached XP level 2. HP: 13/19 MP: 2/2
   149 | D:2      | Reached XP level 3. HP: 6/23 MP: 3/3
   170 | D:2      | Found an ornate altar of the Wu Jian Council.
   252 | D:2      | Reached XP level 4. HP: 2/29 MP: 4/4
   327 | D:3      | Noticed Sigmund
   341 | D:3      | Killed Sigmund
   341 | D:3      | Reached skill level 4 in Fighting
   341 | D:3      | Reached XP level 5. HP: 7/34 MP: 5/5
   341 | D:3      | Reached XP level 6. HP: 8/39 MP: 6/6
   355 | D:3      | Found an iron altar of Okawaru.
   416 | D:3      | Reached ** piety under Trog
   457 | D:3      | Found a glowing drain.
   485 | Sewer    | Entered a sewer
   517 | Sewer    | Noticed Purgy
   524 | Sewer    | Killed Purgy
   524 | Sewer    | Reached skill level 5 in Axes
   631 | D:3      | Found a runed door.
   635 | D:3      | Noticed Crazy Yiuf
   640 | D:3      | Killed Crazy Yiuf
   640 | D:3      | Reached skill level 5 in Fighting
   640 | D:3      | Reached XP level 7. HP: 44/44 MP: 7/7
   775 | D:4      | Found a shadowy altar of Dithmenos.
   868 | D:5      | Entered Level 5 of the Dungeon
  1039 | D:6      | Reached *** piety under Trog
  1039 | D:6      | Reached skill level 1 in Evocations
  1198 | D:6      | Reached skill level 5 in Armour
  1198 | D:6      | Reached XP level 8. HP: 40/50 MP: 7/9
  1275 | D:5      | Found a stormy altar of Qazlal.
  1331 | D:5      | You fall through a shaft for 3 floors!
  1331 | D:8      | Found Lauczu's General Store.
  1350 | D:8      | Bought a +0 vampiric war axe for 137 gold pieces
  1373 | D:8      | Reached skill level 6 in Fighting
  1514 | D:7      | Found Zewik's Antique Armour Emporium.
  1546 | D:7      | Reached **** piety under Trog
  1678 | D:7      | Reached XP level 9. HP: 56/56 MP: 11/11
  1754 | D:8      | Found a flagged portal.
  1764 | Bailey   | Entered a bailey
  1853 | Bailey   | Noticed an orc knight
  1862 | Bailey   | Reached skill level 7 in Fighting
  1867 | Bailey   | HP: 1/57 [orc knight/war axe (20)]
  1872 | Bailey   | Killed an orc knight
  1999 | Bailey   | Noticed an orc knight
  1999 | Bailey   | Noticed an orc warlord
  1999 | Bailey   | Noticed an orc knight
  2007 | Bailey   | Received a gift from Trog
  2008 | Bailey   | Reached ***** piety under Trog
  2009 | Bailey   | Reached XP level 10. HP: 24/64 MP: 13/13
  2029 | Bailey   | Killed an orc knight
  2035 | Bailey   | Killed an orc warlord
  2035 | Bailey   | Reached skill level 8 in Fighting
  2035 | Bailey   | Reached skill level 5 in Evocations
  2047 | Bailey   | Killed an orc knight
  2418 | D:8      | Identified a scroll of acquirement
  2457 | D:8      | Found a shattered altar of Ashenzari.
  2461 | D:8      | Noticed a four-headed hydra
  2610 | D:10     | Entered Level 10 of the Dungeon
  2639 | D:10     | Reached skill level 10 in Axes
  2654 | D:10     | Reached skill level 1 in Shields
  2688 | D:10     | Reached XP level 11. HP: 69/69 MP: 15/15
  2728 | D:10     | Found a staircase to the Lair.
  2750 | D:10     | Reached skill level 9 in Fighting
  2762 | Lair:1   | Entered Level 1 of the Lair of Beasts
  2914 | Lair:2   | Noticed an eight-headed hydra
  3117 | Lair:2   | Reached XP level 12. HP: 77/77 MP: 16/16
  3120 | Lair:2   | Reached skill level 10 in Fighting
  3154 | Lair:2   | Reached skill level 5 in Shields
  3301 | Lair:3   | Noticed a catoblepas
  3331 | Lair:3   | Killed a catoblepas
  3331 | Lair:3   | Reached skill level 10 in Armour
  3398 | Lair:3   | Noticed a seven-headed hydra
  3410 | Lair:3   | Noticed a spriggan rider
  3870 | Lair:4   | Found a staircase to the Swamp.
  3895 | Lair:4   | Noticed a four-headed hydra
  3914 | Lair:4   | Killed a four-headed hydra
  3914 | Lair:4   | Noticed Urug
  3935 | Lair:4   | Reached skill level 11 in Fighting
  3939 | Lair:4   | Killed Urug
  3939 | Lair:4   | Reached XP level 13. HP: 32/84 MP: 17/17
  4038 | Lair:3   | Received a gift from Trog
  4071 | Lair:4   | Found a staircase to the Snake Pit.
  4093 | Snake:1  | Entered Level 1 of the Snake Pit
  4340 | Snake:2  | Noticed a nagaraja
  4382 | Snake:2  | Found Gys Hali's Magic Scroll Boutique.
  4383 | Snake:2  | Found Naveraag's Armour Boutique.
  4383 | Snake:2  | Found Dawnukk's Weapon Shop.
  4406 | Snake:2  | Found Urchi's Armour Shop.
  4425 | Snake:1  | Found Ufeasud's Assorted Antiques.
  4454 | Snake:1  | Noticed a nagaraja
  4467 | Snake:1  | Killed a nagaraja
  4471 | Snake:1  | Reached skill level 12 in Fighting
  4630 | Snake:2  | Killed a nagaraja
  4630 | Snake:2  | Gained mutation: Your large and strong wings let you fly indefinitely. [Gargoyle growth]
  4630 | Snake:2  | Reached XP level 14. HP: 73/92 MP: 18/18
  4643 | Snake:2  | Bought a scroll of noise for 19 gold pieces
  4643 | Snake:2  | Bought a scroll of enchant weapon for 142 gold pieces
  4643 | Snake:2  | Bought a scroll of magic mapping for 66 gold pieces
  4643 | Snake:2  | Bought a scroll of teleportation for 57 gold pieces
  4649 | Snake:2  | Bought a scarf of spirit shield for 153 gold pieces
  4733 | Snake:4  | Entered Level 4 of the Snake Pit
  5228 | Snake:4  | Noticed a nagaraja
  5265 | Snake:4  | Killed a nagaraja
  5266 | Snake:4  | Reached skill level 10 in Shields
  5286 | Snake:4  | Noticed a nagaraja
  5325 | Snake:4  | Killed a nagaraja
  5416 | Snake:4  | Noticed a nagaraja
  5447 | Snake:4  | Killed a nagaraja
  5472 | Snake:4  | Noticed a nagaraja
  5483 | Snake:4  | Killed a nagaraja
  5497 | Snake:4  | Noticed Vashnia
  5523 | Snake:4  | Killed Vashnia
  5523 | Snake:4  | Reached XP level 15. HP: 61/97 MP: 19/19
  5559 | Snake:3  | Found a burning altar of Makhleb.
  5569 | Snake:3  | Received a gift from Trog
  5572 | Snake:3  | Reached skill level 13 in Fighting
  5653 | Snake:4  | Reached skill level 15 in Axes
  5698 | Snake:4  | Got a serpentine rune of Zot
  5710 | Snake:4  | Noticed a nagaraja
  5723 | Snake:4  | Killed a nagaraja
  5853 | Snake:2  | Found a runed gate.
  5854 | Snake:2  | Found a runed gate.
  5855 | Snake:2  | Found a runed gate.
  5856 | Snake:2  | Noticed iamserjio's ghost (journeyman GrBe)
  5893 | Snake:2  | Killed iamserjio's ghost
  5962 | Snake:2  | Bought a +0 helmet for 67 gold pieces
  5974 | Snake:2  | Bought a scroll of identify for 38 gold pieces
  6330 | Lair:5   | Found a viscous altar of Jiyva.
  6331 | Lair:5   | Found a staircase to the Slime Pits.
  6362 | Lair:6   | Entered Level 6 of the Lair of Beasts
  6494 | Lair:6   | Found a frozen archway.
  6505 | IceCv    | Entered an ice cave
  6913 | IceCv    | Reached ****** piety under Trog
  6913 | IceCv    | Received a gift from Trog
  6952 | IceCv    | Noticed a frost giant
  6970 | IceCv    | Killed a frost giant
  6985 | IceCv    | Reached XP level 16. HP: 104/104 MP: 20/20
  7019 | IceCv    | Got a pitted golden amulet
  7065 | IceCv    | Identified the amulet of Kuutsig {+Rage Int+3} (You found it in an ice cave)
  7164 | Lair:6   | Received a gift from Trog
  7369 | Lair:6   | Identified Kotuedgh's Volume of Boosts and Snow
  7717 | Lair:6   | Received a gift from Trog
  7717 | Lair:6   | Reached skill level 14 in Fighting
  7816 | Swamp:1  | Entered Level 1 of the Swamp
  8234 | Swamp:4  | Entered Level 4 of the Swamp
  8240 | Swamp:4  | Noticed a thorn hunter
  8281 | Swamp:4  | Killed a thorn hunter
  8331 | Swamp:4  | Reached skill level 1 in Throwing
  8601 | Swamp:4  | Reached XP level 17. HP: 72/112 MP: 21/21
  8619 | Swamp:4  | Received a gift from Trog
  8719 | Swamp:4  | Reached skill level 15 in Fighting
  8857 | Swamp:4  | Got a decaying rune of Zot
  8968 | Swamp:3  | Got a slimy cloak
  8979 | Swamp:3  | Identified the -5 cloak of Disguise {Str+4} (You acquired it on level 3 of the Swamp)
  9288 | Slime:1  | Entered Level 1 of the Pits of Slime
  9427 | Slime:1  | Noticed an acid blob
  9487 | Slime:1  | Killed an acid blob
  9561 | Slime:2  | Noticed an acid blob
  9575 | Slime:2  | Killed an acid blob
  9627 | Slime:2  | Noticed an acid blob
  9642 | Slime:2  | Killed an acid blob
  9711 | Slime:3  | Noticed an acid blob
  9723 | Slime:3  | Killed an acid blob
  9723 | Slime:3  | Reached skill level 15 in Shields
  9732 | Slime:4  | Gained mutation: Your body sometimes deteriorates upon taking damage. [a shining eye]
  9772 | Slime:5  | Entered Level 5 of the Pits of Slime
  9785 | Slime:5  | Reached skill level 16 in Fighting
  9799 | Slime:5  | Noticed an acid blob
  9815 | Slime:5  | Received a gift from Trog
  9816 | Slime:5  | Killed an acid blob
  9862 | Slime:5  | Found a viscous altar of Jiyva.
  9886 | Slime:5  | Noticed an acid blob
  9887 | Slime:5  | Killed an acid blob
  9890 | Slime:5  | Noticed the Royal Jelly
  9985 | Slime:3  | Noticed an acid blob
  9999 | Slime:3  | Killed an acid blob
 10005 | Slime:2  | Gained mutation: Your body often deteriorates upon taking damage. [a shining eye]
 10109 | Slime:5  | Noticed an acid blob
 10129 | Slime:3  | Noticed an acid blob
 10130 | Slime:3  | Noticed an acid blob
 10143 | Slime:4  | Killed an acid blob
 10143 | Slime:4  | Reached skill level 15 in Armour
 10181 | Slime:4  | Killed an acid blob
 10181 | Slime:4  | Reached XP level 18. HP: 106/122 MP: 15/23
 10275 | Slime:5  | Gained mutation: Your magical capacity is low. (-10% MP) [a shining eye]
 10277 | Slime:5  | Gained mutation: You are clumsy. (Dex -2) [a shining eye]
 10285 | Slime:5  | Lost mutation: You are clumsy. (Dex -2) [potion of mutation]
 10285 | Slime:5  | Lost mutation: Your body often deteriorates upon taking damage. [potion of mutation]
 10285 | Slime:5  | Gained mutation: You have a pair of small horns on your head. [potion of mutation]
 10285 | Slime:5  | Gained mutation: Your body often deteriorates upon taking damage. [potion of mutation]
 10285 | Slime:5  | Gained mutation: Your muscles are strong. (Str +2) [potion of mutation]
 10308 | Slime:5  | Reached skill level 17 in Fighting
 10314 | Slime:5  | Killed the Royal Jelly
 10704 | Slime:5  | Got a vibrating jade ring
 10706 | Slime:5  | Got a slimy rune of Zot
 10712 | Slime:5  | Got a faintly glowing tin ring
 10728 | Slime:5  | Identified a +0 pair of boots of running (You found it on level 5 of the Pits of Slime)
 10771 | Slime:5  | Identified the ring "Haifaih" {Fire *Contam MR+ Dex+4} (You found it on level 5 of the Pits of Slime)
 10773 | Slime:5  | Identified the ring of Vanity {rPois Str+3 Int+7 Dex-4 Stlth+} (You found it on level 5 of the Pits of Slime)
 10893 | Slime:1  | Received a gift from Trog
 11084 | Snake:3  | Fell from the grace of Trog
 11084 | Snake:3  | Became a worshipper of Makhleb the Destroyer
 11134 | Snake:2  | Bought a scroll of enchant armour for 142 gold pieces
 11134 | Snake:2  | Bought a scroll of silence for 142 gold pieces
 11134 | Snake:2  | Bought 3 scrolls of immolation for 199 gold pieces
 11166 | Snake:1  | Bought a scroll of enchant weapon for 315 gold pieces
 11487 | D:10     | Reached * piety under Makhleb
 11492 | D:10     | Lost mutation: Your muscles are strong. (Str +2) [mutagenic glow]
 11535 | D:10     | Reached skill level 1 in Invocations
 11951 | D:9      | Found a hazy altar of Hepliaklqana.
 12056 | D:13     | Found Zuomodom's Book Emporium.
 12155 | D:13     | Reached ** piety under Makhleb
 12281 | D:13     | Reached *** piety under Makhleb
 12341 | D:14     | Reached skill level 18 in Fighting
 12367 | D:15     | Entered Level 15 of the Dungeon
 12538 | D:14     | Reached **** piety under Makhleb
 12590 | D:13     | Found a gate to the Vaults.
 12603 | D:13     | Reached XP level 19. HP: 130/130 MP: 19/21
 12651 | Vaults:1 | Entered Level 1 of the Vaults
 12926 | Vaults:2 | Reached ***** piety under Makhleb
 12956 | Vaults:2 | Reached skill level 5 in Invocations
 12971 | Vaults:2 | Paralysed by a sphinx for 5 turns
 13031 | Vaults:2 | Reached skill level 19 in Fighting
 13078 | Vaults:2 | Found a runed door.
 13080 | Vaults:2 | Noticed Erawyebit's ghost (adept OpAs)
 13192 | Vaults:2 | Killed Erawyebit's ghost
 13226 | Vaults:2 | Found a staircase to the Crypt.
 13582 | Vaults:2 | Noticed Saint Roka
 13883 | Vaults:2 | Noticed Mennas
 14019 | Vaults:3 | Reached ****** piety under Makhleb
 14077 | Vaults:3 | Reached XP level 20. HP: 139/139 MP: 23/23
 14145 | Vaults:3 | You are sucked into a shaft!
 14255 | Vaults:4 | Reached skill level 20 in Fighting
 14423 | Vaults:4 | Reached skill level 10 in Invocations
 14546 | Vaults:4 | Found Ronobb's Armour Shop.
 14549 | Vaults:4 | Found Tuotzasi's Weapon Emporium.
 14559 | Vaults:4 | Noticed Boris
 14681 | Vaults:5 | Entered Level 5 of the Vaults
 14686 | Vaults:5 | Noticed a golden dragon
 14908 | Vaults:5 | Reached XP level 21. HP: 148/148 MP: 27/27
 14939 | Vaults:5 | Reached skill level 21 in Fighting
 14997 | Vaults:5 | Noticed Sojobo
 15036 | Vaults:5 | Killed Sojobo
 15074 | Vaults:5 | Noticed Margery
 15236 | Vaults:4 | HP: 5/150 [polar bear[the rage of Trog] (14)]
 15243 | Vaults:4 | HP: 2/150 [golden dragon (4)]
 15246 | Vaults:4 | Slain by a golden dragon

Skill      XL: |  1  2  3  4  5  6  7  8  9 10 11 12 13 14 15 16 17 18 19 20 21 |
---------------+----------------------------------------------------------------+-----
Axes           | 3 4 5 6 7 8 10 11 12 13 14 15 16 17 18 | 18.0
Armour         | 3 4 5 6 7 8 9 10 11 12 13 14 15 16 17 | 17.0
Fighting       | 4 5 6 7 8 9 11 12 13 14 16 18 19 20 21 | 21.7
Evocations     | 1 3 4 5 6 |  6.8
Shields        | 1 4 6 8 11 12 14 15 16 | 16.0
Dodging        | 2 |  2.0
Throwing       | 1 3 |  3.0
Invocations    | 3 8 12 13 | 13.8

Action                   |  1- 3 |  4- 6 |  7- 9 | 10-12 | 13-15 | 16-18 | 19-21 || total
-------------------------+-------+-------+-------+-------+-------+-------+-------++-------
Melee: Hand axe          |    63 |    49 |   117 |       |       |       |       ||   229
       Mace              |       |    66 |    13 |    12 |       |       |       ||    91
       War axe           |       |       |   196 |   512 |   928 |  1063 |  1153 ||  3852
       Broad axe         |       |       |       |       |       |   519 |   131 ||   650
       Headbutt          |       |       |       |       |       |   149 |   383 ||   532
Throw: Throwing net      |       |       |       |       |     1 |     1 |       ||     2
Invok: Berserk           |     3 |     4 |     5 |     5 |     8 |     5 |       ||    30
       Trog's Hand       |       |     1 |     4 |     4 |     9 |    40 |       ||    58
       Brothers in Arms  |       |       |       |     3 |     9 |    11 |       ||    23
       Lesser Servant of |       |       |       |       |       |       |     9 ||     9
       Greater Servant o |       |       |       |       |       |       |     2 ||     2
 Abil: Fly               |       |       |       |       |     1 |       |       ||     1
Evoke: Wand              |       |       |     4 |     1 |       |     1 |     8 ||    14
       Phial of floods   |       |       |       |       |       |       |     1 ||     1
       Sack of spiders   |       |       |       |       |       |       |     1 ||     1
  Use: Scroll            |       |     2 |     5 |    11 |     9 |    19 |    12 ||    58
       Potion            |       |       |       |       |       |     9 |    19 ||    28
 Stab: Paralysed         |       |       |       |     7 |       |       |       ||     7
       Distracted        |       |       |       |       |     2 |     1 |     3 ||     6
  Eat: Chunk             |       |     5 |     8 |    12 |    11 |    11 |     2 ||    49
       Ration            |       |       |     2 |     3 |     6 |    12 |     8 ||    31
Armor: Animal skin       |     5 |       |       |       |       |       |       ||     5
       Scale mail        |    35 |    97 |   116 |       |       |       |       ||   248
       Chain mail        |       |       |    96 |     3 |       |       |       ||    99
       Plate armour      |       |       |       |   395 |   499 |   745 |   337 ||  1976
       Acid dragon scale |       |       |       |       |       |   208 |       ||   208
       Ice dragon scales |       |       |       |       |       |       |   328 ||   328
       Storm dragon scal |       |       |       |       |       |       |    46 ||    46
Dodge: Dodged            |    40 |   139 |   273 |   370 |   484 |   926 |   535 ||  2767
       Deflected         |       |       |       |       |    34 |     9 |    23 ||    66
Block: Buckler           |       |       |       |   148 |   155 |    14 |       ||   317
       Shield            |       |       |       |       |   370 |  1192 |  1073 ||  2635
